cohdb
Replays
Latest Replays
All Replays
Popular Replays
Top Player Replays
Match Explorer
How It Works
Community
CoH3 Stats
Reddit
Sign in to upload your games and track your stats! →
Sign in with Steam
Match 42267852
Unlisted
Match 42267852
Overview
Messages
Build Orders
End
Selects Italian Combined Arms Battlegroup
Selects Bersaglieri Squad
Bersaglieri Squad
Kradschützen Motorcycle Team
Bersaglieri Squad
Panzergrenadier Squad
Construct Light Support Kompanie
MG34 Team
Selects Bersaglieri Bolster
BIOHAZARD
Gorgolo
Milk
tugaLeek
0
0
Comments
sign in to comment!
No comments posted yet!